 Dungeon Crawl Stone Soup version 0.22.1-1-ga44c0e5 (webtiles) character file.

112 Lauz the Charmwright (level 4, -1/33 HPs)
             Began as a Demonspawn Skald on Nov 8, 2018.
             Slain by an adder (4 damage)
             ... on level 3 of the Dungeon.
             The game lasted 00:11:41 (3095 turns).

Lauz the Charmwright (Demonspawn Skald)             Turns: 3095, Time: 00:11:41

Health: -1/33      AC:  3    Str: 12    XL:     4   Next: 63%
Magic:  0/8        EV: 12    Int: 15    God:
Gold:   71         SH:  0    Dex: 12    Spells: 5/8 levels left

rFire    . . .     SeeInvis .   a - +0 falchion
rCold    . . .     Gourm    .   (no shield)
rNeg     . . .     Faith    .   b - +0 leather armour
rPois    .         Spirit   .   (no helmet)
rElec    .         Reflect  .   (no cloak)
rCorr    .         Harm     .   (no gloves)
MR       .....                  (no boots)
Stlth    +.........             (no amulet)
HPRegen  0.11/turn              (no ring)
MPRegen  0.11/turn              (no ring)

@: lethally poisoned (-1 -> -4), infused, very slightly contaminated
A: powered by death 1, powered by pain 2
a: no special abilities


You were on level 3 of the Dungeon.
You were not hungry.

You visited 1 branch of the dungeon, and saw 3 of its levels.

You collected 71 gold pieces.

Inventory:

Hand Weapons
 a - a +0 falchion (weapon)
Armour
 b - a +0 leather armour (worn)
 g - a cursed +0 scale mail
Jewellery
 f - an uncursed amulet of guardian spirit
 i - a +3 ring of protection {unknown}
Scrolls
 c - 2 scrolls of blinking {unknown}
 e - a scroll of magic mapping {unknown}
 h - 2 scrolls of teleportation {unknown}
 j - a scroll of remove curse {unknown}
 m - 2 scrolls of identify {unknown}
 n - 2 scrolls of enchant armour {unknown}
Potions
 k - a potion of degeneration {unknown}
 l - a potion of heal wounds {unknown}
 o - a potion of haste {unknown}
Comestibles
 d - 3 rations


   Skills:
 - Level 2.0 Fighting
 * Level 2.6 Long Blades
 * Level 0.9 Armour
 - Level 2.0 Dodging
 + Level 2.9 Spellcasting
 + Level 3.7 Charms


You had 5 spell levels left.
You knew the following spells:

 Your Spells              Type           Power        Failure   Level  Hunger
a - Infusion              Chrm           ##..         5%          1    #......
b - Shroud of Golubria    Chrm/Tloc      #.........   19%         2    ##.....

Your spell library contained the following spells:

 Spells                   Type           Power        Failure   Level  Hunger
 Song of Slaying          Chrm           ##......     9%          2    ##.....
 Regeneration             Chrm/Necr      #.........   34%         3    ###....
 Spectral Weapon          Hex/Chrm       #.......     34%         3    ###....


Dungeon Overview and Level Annotations

Branches:
Dungeon (3/15)

Altars:
Gozag

Annotations:
D:2 Sigmund, Terence


Innate Abilities, Weirdness & Mutations

You regenerate a little health from kills.
You sometimes gain power by taking damage.


Message History

The adder closely misses you.
You riposte.
You closely miss the adder.
The adder is heavily wounded.
You barely miss the adder.
The adder is heavily wounded.
You feel sick. The adder closely misses you. The adder bites you.
* * * LOW HITPOINT WARNING * * *
You closely miss the adder.
The adder is heavily wounded.
Your magical infusion is running out.
The adder barely misses you.
Casting: Infusion (safe; 5% risk of failure)
Confirm with . or Enter, or press ? or * to list all spells.
You extend your infusion's duration.
You feel sick. The adder bites you.
* * * LOW HITPOINT WARNING * * *
You hit the adder.
The adder is severely wounded.
The adder barely misses you.
You riposte.
You miss the adder.
The adder is severely wounded.
The adder bites you.
You die...

###############
#.........@Sh.#
#.###########.#
## #.#
######.## .#
##.###
#.......# .#
#....#
#.......# .#
#....#
#.......#
.#####....#
######.##
#.....#+### #.#
'.......# #.#


You could see an adder and a jackal.

Vanquished Creatures
  6 adders
  A worm (D:2)
  2 dart slugs
  3 leopard geckos
  2 giant cockroaches
  4 goblins
  3 hobgoblins
  3 jackals (D:3)
  A quokka (D:2)
  A ball python (D:1)
  6 bats
  5 frilled lizards
  7 kobolds
  5 rats
49 creatures vanquished.

Notes
Turn   | Place    | Note
-------+----------+-------------------------------------------
     0 | D:1      | Lauz the Demonspawn Skald began the quest for the Orb.
     0 | D:1      | Reached XP level 1. HP: 16/16 MP: 3/3
   277 | D:1      | Reached skill level 3 in Charms
   277 | D:1      | Gained mutation: You regenerate a little health from kills.
                  | [demonic ancestry]
   277 | D:1      | Reached XP level 2. HP: 2/22 MP: 0/5
   280 | D:1      | HP: 1/22 [dart slug (2)]
  1340 | D:1      | Gained mutation: You sometimes gain a little power by
                  | taking damage. [demonic ancestry]
  1340 | D:1      | Reached XP level 3. HP: 19/27 MP: 6/6
  1529 | D:2      | Noticed Sigmund
  1618 | D:2      | Found a faded altar of an unknown god.
  1931 | D:2      | Learned a level 2 spell: Shroud of Golubria
  2267 | D:2      | Gained mutation: You sometimes gain power by taking damage.
                  | [demonic ancestry]
  2267 | D:2      | Reached XP level 4. HP: 30/33 MP: 4/8
  2432 | D:2      | Found an opulent altar of Gozag.
  2673 | D:3      | Noticed Terence
  3095 | D:3      | Slain by an adder

Skill      XL: |  1  2  3 |
---------------+----------+-----
Charms         | 3 |  3.7
Dodging        | 2 |  2.0
Long Blades    | 2 |  2.6
Fighting       | |  2.0
Armour         | |  0.9
Spellcasting   | |  2.9

Action                   |  1- 3 |  4- 6 || total
-------------------------+-------+-------++-------
Melee: Falchion          |    90 |    51 ||   141
 Cast: Infusion          |    11 |     7 ||    18
       Shroud of Golubri |       |     2 ||     2
  Eat: Chunk             |     1 |     3 ||     4
       Ration            |     1 |       ||     1
Armor: Leather armour    |    17 |    20 ||    37
Dodge: Dodged            |    59 |    61 ||   120
       Rpst.: Falchion   |    26 |    22 ||    48
